 Dungeon Crawl Stone Soup version 0.19.1-1-g22dce08 (webtiles) character file.

545 Alarkh the Cleaver (level 7, 27/57 HPs)
             Began as a Yellow Draconian Monk on Jan 17, 2017.
             Quit the game on level 4 of the Dungeon.
             The game lasted 00:05:54 (4130 turns).

Alarkh the Cleaver (Yellow Draconian Monk)          Turns: 4130, Time: 00:05:54

Health: 27/57      AC:  8    Str: 14    XL:     7   Next: 6%
Magic:  16/16      EV: 13    Int: 12    God:
Gold:   197        SH:  0    Dex: 13    Spells: 0 memorised, 6 levels left

rFire  . . .     SeeInvis .     a - +0 hand axe
rCold  . . .     Gourm    .     (armour unavailable)
rNeg   . . .     Faith    .     (no shield)
rPois  .         Spirit   .     (helmet restricted)
rElec  .         Reflect  .     f - +0 cloak
rCorr  +         Harm     .     m - +0 pair of gloves (curse)
MR     .....                    (no boots)
Stlth  ++........               g - amulet of rage (curse)
                                (no ring)
                                s - ring of magical power

@: exhausted, slowed, very slow
A: spit acid, acid resistance, unfitting armour, cold-blooded, AC +6
a: Spit Acid, Evoke Berserk Rage


You were on level 4 of the Dungeon.
You were hungry.

You visited 1 branch of the dungeon, and saw 4 of its levels.

You collected 197 gold pieces.

Inventory:

Hand Weapons
 a - a +0 hand axe (weapon)
Armour
 f - a +0 cloak (worn)
 m - a cursed +0 pair of gloves (worn)
Jewellery
 g - a cursed amulet of rage (around neck)
 s - a ring of magical power (left hand)
 v - an uncursed amulet of regeneration {unknown}
Wands
 c - a wand of random effects (16/48)
Scrolls
 d - a scroll of blinking
 e - 2 scrolls of identify
 h - a scroll of magic mapping
 i - 2 scrolls of immolation
 l - a scroll of enchant armour {unknown}
 q - 2 scrolls of noise
 r - 2 scrolls of teleportation
 u - a scroll of remove curse {unknown}
Potions
 j - a potion of haste
 k - a potion of resistance
 n - 2 potions of berserk rage
 o - a potion of cancellation {unknown}
 w - a potion of invisibility {unknown}
 x - a potion of might {unknown}
Comestibles
 b - 4 bread rations
 t - a meat ration


   Skills:
 - Level 3.2 Fighting
 + Level 8.1 Axes
 - Level 2.6 Dodging
 - Level 1.7 Stealth


You had 6 spell levels left.
You didn't know any spells.

Dungeon Overview and Level Annotations

Branches:
Dungeon (4/15)
 Temple: D:4-7

Altars:
Hepliaklqana
Xom


Innate Abilities, Weirdness & Mutations

You can spit globs of acid.
You are resistant to acid.
Your golden yellow scales are hard. (AC +6)
You cannot fit into any form of body armour.
You are cold-blooded and may be slowed by cold attacks.


Message History

You see here an orc corpse.
You slash the orc wizard!
You kill the orc wizard!
The phantom blinks!
The orc wizard mumbles some strange words.
The orc wizard blinks!
Things that are here:
a dagger; a robe; an orc corpse You feel a strong urge to attack something.
You are no longer berserk.
You are exhausted.
You feel as though you will be slow longer.
You closely miss the phantom.
The phantom hits you but does no damage.
The orc wizard gestures wildly while chanting.
The orc wizard seems to speed up.
The phantom hits you!
You are too injured to fight recklessly!
You are too injured to fight recklessly!
You are too injured to fight recklessly!
Are you sure you want to abandon this character and quit the game? (Confirm with "yes".)

#.#.#################.#.##....
#.#.# #######.#.##..## #.#.#
#...............
#.#.###########.#####.####..##
#.#.#...........# #.# #..#
#.#.#...........#####.# #..##
#.#.#........[..#.....####....
#.#.###########.###.#.........
#......)..)†)@W.....o.........
###.###########.#####.........
#.................+.........
#############.#####.........
#.....#####..... #.....#
#.)).. #.....# #)#)..
#.....#####.####
#>..............


You could see a phantom and an orc wizard.

Vanquished Creatures
  A phantom (D:4)
  2 hounds (D:4)
  2 orc priests (D:4)
  A gnoll shaman (D:4)
  4 orc wizards (D:4)
  A worker ant (D:4)
  Robin (D:3)
  3 gnolls (D:4)
  6 adders
  A worm (D:2)
  A dart slug (D:1)
  2 leopard geckos
  11 orcs (D:4)
  7 bats
  2 giant cockroaches
  14 goblins
  5 hobgoblins
  2 jackals (D:2)
  4 ball pythons
  A frilled lizard (D:2)
  6 kobolds
  A leopard gecko skeleton (D:4)
  8 rats
86 creatures vanquished.

Notes
Turn   | Place    | Note
-------+----------+-------------------------------------------
     0 | D:1      | Alarkh the Draconian Monk began the quest for the Orb.
     0 | D:1      | Reached XP level 1. HP: 19/19 MP: 1/1
   292 | D:1      | Reached XP level 2. HP: 22/26 MP: 2/2
   919 | D:1      | Reached skill level 4 in Axes
  1257 | D:2      | Reached XP level 3. HP: 25/31 MP: 3/3
  1474 | D:2      | Found a hazy altar of Hepliaklqana.
  1935 | D:2      | Found a shimmering altar of Xom.
  1990 | D:2      | Reached XP level 4. HP: 35/38 MP: 4/4
  2222 | D:3      | Reached skill level 5 in Axes
  2248 | D:3      | Noticed Robin
  2302 | D:3      | Killed Robin
  3109 | D:4      | Reached XP level 5. HP: 45/45 MP: 5/5
  3116 | D:4      | Reached skill level 6 in Axes
  3181 | D:4      | Noticed a phantom
  3205 | D:4      | Reached XP level 6. HP: 51/51 MP: 6/6
  3206 | D:4      | Reached skill level 7 in Axes
  4119 | D:4      | Reached skill level 8 in Axes
  4119 | D:4      | Your scales start taking on a golden yellow colour.
  4119 | D:4      | Reached XP level 7. HP: 57/57 MP: 7/7
  4130 | D:4      | Quit the game

Skill      XL: |  1  2  3  4  5  6 |
---------------+-------------------+-----
Axes           | 4 5 6 8 |  8.1
Fighting       | |  3.2
Dodging        | |  2.6
Stealth        | |  1.7

Action                   |  1- 3 |  4- 6 |  7- 9 || total
-------------------------+-------+-------+-------++-------
Melee: Hand axe          |   151 |   173 |     6 ||   330
       Tailslap          |    11 |    19 |     1 ||    31
 Abil: Evoke Berserk Rag |     1 |     5 |       ||     6
  Use: Scroll            |     1 |     6 |       ||     7
       Potion            |       |     1 |       ||     1
 Stab: Sleeping          |     8 |     3 |       ||    11
       Distracted        |       |     1 |       ||     1
  Eat: Chunk             |     4 |    11 |       ||    15
Armor: Skin              |    40 |    45 |     1 ||    86
Dodge: Dodged            |   101 |    98 |       ||   199
